 Dungeon Crawl Stone Soup version 0.31-a0-654-gbe3e110b4e (webtiles) character file.

Game seed: 9732350767459413400

23 LobsterGuardian the Grave Robber (level 2, 0/28 HPs)
             Began as a Demonspawn Necromancer on Aug 30, 2023.
             Succumbed to an adder's poison
             ... on level 1 of the Dungeon.
             The game lasted 00:03:28 (1092 turns).

LobsterGuardian the Grave Robber (DsNe)             Turns: 1092, Time: 00:03:29

Health: 0/28       AC: 21    Str:  6 (8)  XL:     2   Next: 75%
Magic:  3/5        EV: -1    Int: 14 (16) God:
Gold:   44         SH:  0    Dex: 10 (13) Spells: 4/5 levels left

rFire   . . .        (no weapon)
rCold   . . .        (no shield)
rNeg    . . .        a - melded +0 robe
rPois   +            (helmet currently unavailable)
rElec   .            d - melded +0 cloak
rCorr   .            (gloves currently unavailable)
SInv    .            (boots currently unavailable)
Will    .....        (no amulet)
Stlth   ++           (no ring)
HPRegen 0.24/turn    (no ring)
MPRegen 0.09/turn

%: no passive effects
@: lethally poisoned (0 -> -1), tree-form, constricted
A: stationary, stasis, torment immunity, boosted hp, (hooves 1)
a: no special abilities


You were on level 1 of the Dungeon.
You were a tree.
You visited 1 branch of the dungeon, and saw 2 of its levels.

You collected 44 gold pieces.

Inventory:

Missiles
 k - a throwing net
Armour
 a - a +0 robe (melded)
 d - a +0 cloak (melded)
 g - a +0 pair of gloves
Jewellery
 c - an amulet of reflection
Scrolls
 i - a scroll of identify {unknown}
 j - a scroll of enchant weapon {unknown}


   Skills:
 + Level 1.8 Dodging
 + Level 1.8 Stealth
 * Level 2.4 Spellcasting
 + Level 4.9 Necromancy


You had 4 spell levels left.
You knew the following spells:

 Your Spells              Type           Power      Damage    Failure   Level
a - Necrotise             Necr           60%        1d7       3%          1

Your spell library contained the following spells:

 Spells                   Type           Power      Damage    Failure   Level
 Vampiric Draining        Necr           15%        2d7       9%          3
 Magic Dart               Conj           4%         1d3       22%         1
 Animate Dead             Necr           15%        N/A       28%         4
 Blink                    Tloc           2%         N/A       34%         2
 Lesser Beckoning         Tloc           2%         N/A       34%         2
 Momentum Strike          Conj/Tloc      2%         3d8       34%         2
 Iskenderun's Mystic Bla  Conj/Tloc      1%         2d3       92%         4
 Agony                    Necr           15%        N/A       63%         5
 Alistair's Intoxication  Tmut/Pois      0%         N/A       99%         5
 Fireball                 Conj/Fire      0%         3d3       99%         5
 Irradiate                Conj/Tmut      0%         3d11      99%         5


Dungeon Overview and Level Annotations

Branches:
Dungeon (2/15)

Altars:


Innate Abilities, Weirdness & Mutations

You are a tree.
Your roots penetrate the ground, keeping you stationary.
You cannot be teleported.
You are immune to unholy pain and torment.
Your maximum health is greatly increased.
Your equipment is partially melded.
((You have large cloven feet.))


Message History

You feel weakened.
You feel dopey.
You feel clumsy.
You feel sick. The adder bites you but does no damage.
The ball python bites you but does no damage.
The ball python constricts you. Magic courses through your body.
You feel sick. The adder bites you but does no damage.
The ball python bites you but does no damage.
The ball python constricts you.
Sorry, you're not good enough to have a special ability.
Casting: Necrotise (safe; 3% risk of failure)
Confirm with . or Enter, or press ? or * to list all spells.
Okay, then.
Casting: Necrotise (safe; 3% risk of failure)
Confirm with . or Enter, or press ? or * to list all spells.
Aiming: Necrotise (safe; 3% risk of failure)
Press: ? - help, Shift-Dir - straight line, f/p - adder
Aim: an adder (lightly wounded, chance to affect: 79%)
The adder barely resists.
You feel sick. The adder bites you but does no damage.
The ball python bites you but does no damage.
The ball python constricts you. The adder bites you but does no damage.
Casting: Necrotise (safe; 3% risk of failure)
Confirm with . or Enter, or press ? or * to list all spells.
Aiming: Necrotise (safe; 3% risk of failure)
Press: ? - help, Shift-Dir - straight line, f/p - adder
Aim: an adder (lightly wounded, chance to affect: 79%)
The adder barely resists.
You feel sick. The ball python bites you.
* * * LOW HITPOINT WARNING * * *
The ball python constricts you. The adder bites you but does no damage.
Unknown command.
You aren't carrying any potions.
Sorry, you're not good enough to have a special ability.
Unknown command.
Casting: Necrotise (safe; 3% risk of failure)
Confirm with . or Enter, or press ? or * to list all spells.
Aiming: Necrotise (safe; 3% risk of failure)
Press: ? - help, Shift-Dir - straight line, f/p - adder
Aim: an adder (lightly wounded, chance to affect: 79%)
The adder barely resists.
You die...

##############
.............#
############.# #.#
############.#
#.......†....##############
.(.########.....♣S........#
#..# #.....S.#######.# ...#
##..###.# #.# ##.# #..# #.#
####.####### #.## #..# #.#
##..........# #..# #..#
#.###...#.#####.# ##.# #..#
#.#...........#.# #.# #..#
#.#.#.......#.#.# #.#
#..###.#.#.......#.#.#


You could see an adder and a ball python.

Vanquished Creatures
  A worm (D:2)
  A dart slug (D:2)
  3 ball pythons (D:1)
  2 endoplasms (D:1)
  A hobgoblin (D:1)
  A quokka (D:1)
  3 bats (D:1)
  2 frilled lizards (D:1)
  2 kobolds (D:1)
  4 rats
20 creatures vanquished.

Vanquished Creatures (collateral kills)
  A rat (D:1)
1 creature vanquished.

Grand Total: 21 creatures vanquished

Notes
Turn   | Place    | Note
-------+----------+-------------------------------------------
     0 | D:1      | LobsterGuardian the Demonspawn Necromancer began the quest
                  | for the Orb.
     0 | D:1      | Reached XP level 1. HP: 13/13 MP: 3/3
   286 | D:1      | Gained mutation: You have large cloven feet. [demonic
                  | ancestry]
   286 | D:1      | Reached XP level 2. HP: 17/19 MP: 0/5
   497 | D:1      | Got the Quarto of the Shifting Fifth Circle
  1091 | D:1      | HP: 1/28 [ball python (2)]
  1092 | D:1      | Succumbed to an adder's poison

Illustrated notes

Levels and vault maps discovered:
D:1:      evilmike_arrival_crescent, layout_loops_ring
D:2:      layout_loops_cross, serial_glass, glass_columns_b, glass_columns_c,
          feat_on_display, minmay_indecisive_spiral, uniq_crazy_yiuf_cottage

Action                     || total
---------------------------++-------
  Melee: Unarmed           ||    33
         Kick              ||     9
   Cast: Necrotise         ||    41
    Use: Potion            ||     4
         Scroll            ||     2
 Armour: Robe              ||    13
         Skin              ||    11
  Dodge: Dodged            ||    43

Table legend: (Time is in decaauts)
 A = Elapsed time spent in this place.
 B = Non-inter-level travel time spent in this place.
 C = Inter-level travel time spent in this place.
 D = Time resting spent in this place.
 E = Time spent auto-exploring this place.
 F = Levels seen in this place.
 G = Mean time per level.
                   A        B        C        D        E       F      G
               +--------+--------+--------+--------+--------+-----+--------+
         Total |   1081 |   1061 |     20 |     12 |    846 |   2 |  540.5 |
       Dungeon |   1081 |   1061 |     20 |     12 |    846 |   2 |  540.5 |
               +--------+--------+--------+--------+--------+-----+--------+

Top non-repeatable levels by time:
     D:1: 1016 daAuts
     D:2: 64 daAuts
